Unix NetHack Version 3.7.0-70 Work-in-progress - last build Jan 20 2023 02:37:49 (416de4da9be3a1557180d233d1398bca634ded6a,branch:master). Game began 2023-01-24 11:34:09, ended 2023-01-24 11:39:53. Kontroller, lawful male human Knight --------------- --------------- ------------ |.............| |..............######...........| |..........F..-## |...........<.| #|..........| ------------.-- ## |.............| ####...........| #### ## -|-----------.- ##------|----- # # # ######## # ## ---- # # # # -.---# # #### #-..| # ### ## # |...|# # # #####|..| ### # # `## |...|#### ## ## |..| # # ---.---- ----...----# ---.---# ---- ##### # |......| |.........|# |.....|# ##### ##.......| |.........|# |.....|# ---.----- |......| |.........|# |......# |.......| -------- ----..>----##########-.....| |....)...###u## |...| |....{| |....>..| |...| ------- --------- ----- Kontroller the Esquire St:14 Dx:10 Co:12 In:7 Wi:15 Ch:17 Lawful S:481 Dlvl:3 $:51 HP:0(28) Pw:23(23) AC:3 Xp:3/70 T:1217 Hungry Ride Latest messages: The orc zombie hits! You miss the orc zombie. The orc zombie misses! You miss the orc zombie. The orc zombie hits the saddled pony. The saddled pony hits the orc zombie. The saddled pony misses the orc zombie. You destroy the orc zombie! You see here a statue of a yellow mold. You hit the orc zombie. The orc zombie hits! You miss the orc zombie. You miss the orc zombie. You destroy the orc zombie! You miss the hobbit. You miss the hobbit. The hobbit thrusts her elven dagger. The hobbit hits! You hit the hobbit! The hobbit drinks a dark potion! The hobbit looks better. You miss the hobbit. You joust the hobbit! You kill the gecko! You see here a scroll labeled HACKEM MUCHE. The hobbit thrusts her elven dagger at the saddled pony. The hobbit misses the saddled pony. The saddled pony misses the hobbit. The saddled pony bites the hobbit. You miss the hobbit. The hobbit thrusts her elven dagger at the saddled pony. The hobbit misses the saddled pony. The saddled pony misses the hobbit. The saddled pony bites the hobbit. The hobbit is killed! You are beginning to feel hungry. z - an elven mithril-coat. You see here a scroll labeled HACKEM MUCHE. A - a scroll labeled HACKEM MUCHE. You see here an elven dagger. You hear a nearby zap. The wand hits you! You hear a nearby zap. The wand hits you! You die... Do you want your possessions identified? [ynq] (y) y Do you want to see your attributes? [ynq] (y) y Do you want an account of creatures vanquished? [ynaq] (y) y Do you want to see your conduct and achievements? [ynq] (y) y Do you want to see the dungeon overview? [ynq] (y) y Inventory: Coins $ - 51 gold pieces Weapons m - 7 +0 darts x - 14 cursed -1 darts a - a +1 long sword (alternate weapon; not wielded) b - a +1 lance (weapon in hand) Armor d - an uncursed +0 helmet (being worn) f - an uncursed +0 pair of leather gloves (being worn) e - an uncursed +0 small shield (being worn) z - an uncursed +2 elven mithril-coat c - an uncursed +1 ring mail (being worn) Comestibles n - a cursed slime mold g - an uncursed apple h - 11 uncursed carrots l - an uncursed food ration Scrolls i - an uncursed scroll of blank paper v - a blessed scroll of destroy armor A - an uncursed scroll of fire k - an uncursed scroll of gold detection j - an uncursed scroll of identify y - an uncursed scroll of remove curse Potions s - an uncursed potion of sleeping Kontroller the Knight's attributes: Background: You were an Esquire, a level 3 male human Knight. You were lawful, nominally on a mission for Lugh who was opposed by Brigit (neutral) and Manannan Mac Lir (chaotic). You were in the Dungeons of Doom, on level 3. You entered the dungeon 1217 turns ago. There was a new moon in effect when your adventure ended. You had 70 experience points, 10 more were needed to attain level 4. Your score was 481 before end-of-game adjustments. Basics: You had 0 out of 28 hit points. You had all 23 energy points (spell power). Your armor class was 3. Your wallet contained 51 zorkmids. Autopickup was off. Final Characteristics: Your strength was 14 (limit:18/100). Your dexterity was 10 (limit:18). Your constitution was 12 (limit:18). Your intelligence was 7 (limit:18). Your wisdom was 15 (limit:18). Your charisma was 17 (limit:18). Final Status: You were riding your pony. You were hungry. You were unencumbered. You were wielding a lance. You had basic skill with lance. Final Attributes: You were devoutly aligned. You could jump. You were warded. You are dead. Miscellaneous: You never encountered a bones level. Total elapsed playing time was 5 minutes and 44 seconds. Major events: Turn 1: Kontroller the lawful male human Knight entered the dungeon 891: attained the rank of Esquire (level 3) 979: entered the Gnomish Mines 1217: killed by a wand Vanquished creatures: 2 orc zombies an iguana a hobbit a brown mold a yellow mold a green mold a gnome 3 geckos 3 jackals 2 goblins 4 grid bugs 4 lichens 3 newts 27 creatures vanquished. No species were genocided or became extinct. Voluntary challenges: You were an atheist. You read items or engraved 1 time. You never engraved Elbereth. You never genocided any monsters. You never polymorphed an object. You never changed form. You used no wishes. Achievements: You attained the rank of Esquire. You entered the Gnomish Mines. The Dungeons of Doom: levels 1 to 3 Level 1: A fountain. Level 2: A fountain, a sink. Level 3: <- You were here. A fountain. Stairs down to The Gnomish Mines. Final resting place for you, killed by a wand. The Gnomish Mines: Level 4: Game over: ---------- / \ / REST \ / IN \ / PEACE \ / \ | Kontroller | | 51 Au | | killed by a wand | | | | | | | | 2023 | *| * * * | * _________)/\\_//(\/(/\)/\//\/|_)_______ Fare thee well Kontroller the Knight... You died in The Dungeons of Doom on dungeon level 3 with 476 points, and 51 pieces of gold, after 1217 moves. You were level 3 with a maximum of 28 hit points when you died.